 Dungeon Crawl Stone Soup version 0.25.1-2-g60ff931df9 (webtiles) character file.

Game seed: 14643144897028433610

2372 Delamore the Basher (level 9, -7/51 HPs)
             Began as a Gargoyle Fighter on July 29, 2020.
             Was a Follower of Okawaru.
             Killed from afar by Erica (21 damage)
             ... with a lance of force
             ... on level 8 of the Dungeon.
             The game lasted 00:08:20 (8553 turns).

Delamore the Basher (Gargoyle Fighter)              Turns: 8553, Time: 00:08:21

Health: -7/51      AC: 14    Str: 24    XL:     9   Next: 45%
Magic:  0/9        EV:  7    Int:  8    God:    Okawaru [*.....]
Gold:   328        SH:  0    Dex:  9    Spells: 8/8 levels left

rFire    . . .     SeeInvis .   M - +1 whip (flame)
rCold    . . .     Gourm    .   c - +0 kite shield
rNeg     + . .     Faith    .   b - +0 scale mail
rPois    ∞         Spirit   +   v - +0 helmet
rElec    +         Reflect  .   (no cloak)
rCorr    .         Harm     .   (no gloves)
MR       .....                  (no boots)
Stlth    ..........             q - amulet of guardian spirit
HPRegen  0.17/turn              w - ring of stealth
MPRegen  0.11/turn              I - ring of attention (curse)

@: confused, slowed, very slow
A: negative energy resistance 1, electricity resistance, unbreathing,
petrification resistance, rot immunity, AC +6
a: Heroism, Renounce Religion


You were on level 8 of the Dungeon.
You worshipped Okawaru.
Okawaru was aware of your devotion.
You were hungry.

You visited 2 branches of the dungeon, and saw 9 of its levels.

You collected 328 gold pieces.

Inventory:

Hand Weapons
 a - a +0 flail
 x - a +0 whip of draining
 M - a +1 whip of flaming (weapon)
Missiles
 m - 7 boomerangs of dispersal (quivered)
Armour
 b - a +0 scale mail (worn)
 c - a +0 kite shield (worn)
 v - a +0 helmet (worn)
 K - a +0 plate armour
Jewellery
 q - an amulet of guardian spirit (around neck)
 w - a ring of stealth (left hand)
 C - an uncursed ring of wizardry
 E - an uncursed ring of stealth
 I - a cursed ring of attention (right hand)
 O - an uncursed ring of ice {unknown}
Wands
 n - a wand of random effects (43)
 A - a wand of acid (9)
 F - a wand of polymorph (9)
 J - a wand of flame (33)
 N - a wand of digging (8)
Scrolls
 e - 10 scrolls of identify {unknown}
 g - a scroll of magic mapping {unknown}
 h - a scroll of enchant armour {unknown}
 i - 7 scrolls of remove curse {unknown}
 k - 7 scrolls of teleportation {unknown}
 l - 2 scrolls of amnesia {unknown}
 r - 3 scrolls of blinking {unknown}
 t - 2 scrolls of fog {unknown}
 y - a scroll of acquirement {unknown}
 z - a scroll of immolation {unknown}
 D - 2 scrolls of vulnerability {unknown}
 H - a scroll of noise {unknown}
Potions
 d - 2 potions of might
 j - a potion of haste {unknown}
 p - a potion of berserk rage {unknown}
 s - a potion of lignification {unknown}
 u - a potion of degeneration {unknown}
 B - a potion of stabbing {unknown}
 L - a potion of flight {unknown}
Comestibles
 f - 13 rations


   Skills:
 - Level 3.2 Fighting
 - Level 12.0 Maces & Flails
 - Level 3.2 Armour
 + Level 4.5 Shields


You had 8 spell levels left.
You didn't know any spells.
Your spell library was empty.

Dungeon Overview and Level Annotations

Branches:
Dungeon (8/15)             Temple (1/1) D:7
   Lair: D:8-11

Altars:
Ashenzari
Cheibriados
Dithmenos
Elyvilon
Fedhas
Gozag
Hepliaklqana
Kikubaaqudgha
Makhleb
Nemelex Xobeh
Okawaru
Qazlal
Ru
Sif Muna
Trog
Uskayaw
Vehumet
Xom
Yredelemnul
Zin
The Shining One

Annotations:
D:3 3 runed translucent doors, Ebobla's ghost, amateur DsBe
D:8 Erica


Innate Abilities, Weirdness & Mutations

You are resistant to torment.
Your stone body is resilient. (AC +6)
You are immune to poison.
You resist negative energy. (rN+)
You are resistant to electric shocks. (rElec)
You can survive without breathing.
You are immune to petrification.
You are immune to rotting.


Message History

You feel better.
You are feeling hungry.
Something hits you.
* * * LOW HITPOINT WARNING * * *
Something burns you.
* * * LOW HITPOINT WARNING * * *
You feel better. Something hits you but does no damage.
You closely miss something.
You hear some strange, mumbled words.
A bolt of poison appears from out of thin air!
The bolt of poison hits you but does no damage.
You resist.
You hit something but do no damage.
You hear some strange, mumbled words.
You are confused.
You're too confused to move!
You hear some strange, mumbled words.
A lance of force appears from out of thin air!
The lance of force hits you!!
You die...

#.# ##.# #..# #.##
#.# #.# #.# #.#
#@# #{# # #.# #.
#.# ##.###### #.#
#.......# #.#
#.......# #.#
##.......######(#
#!...........@...#


There were no monsters in sight!

Vanquished Creatures
  Pikel (D:8)
  Joseph (D:8)
  A hornet (D:7)
  A hungry ghost (D:7)
  2 ice beasts
  2 ogres
  A centaur (D:5)
  A big kobold (D:7)
  2 bullfrogs
  A scorpion (D:8)
  A howler monkey (D:5)
  A jelly (D:8)
  A bullfrog zombie (D:6)
  A bullfrog skeleton (D:5)
  An orc priest (D:5)
  Natasha (twice) (D:2)
  2 orc wizards
  3 worker ants
  A hound zombie (D:7)
  A hound skeleton (D:5)
  2 worker ant zombies (D:7)
  17 adders
  3 gnolls (D:5)
  A shadow imp (D:7)
  2 worms (D:3)
  2 dart slugs
  6 leopard geckos
  23 orcs
  4 ball pythons
  4 bats
  4 giant cockroaches
  11 goblins
  6 hobgoblins
  15 kobolds
  3 quokkas
  3 frilled lizards
  A quokka skeleton (D:4)
  4 rats
138 creatures vanquished.

Vanquished Creatures (others)
  A slave (D:8)
  A quokka (D:8)
2 creatures vanquished.

Grand Total: 140 creatures vanquished

Notes
Turn   | Place    | Note
-------+----------+-------------------------------------------
     0 | D:1      | Delamore the Gargoyle Fighter began the quest for the Orb.
     0 | D:1      | Reached XP level 1. HP: 14/14 MP: 1/1
   293 | D:1      | Reached XP level 2. HP: 19/19 MP: 2/2
   339 | D:1      | Reached skill level 3 in Maces & Flails
   530 | D:1      | Reached XP level 3. HP: 23/23 MP: 3/3
  1193 | D:2      | Reached skill level 4 in Maces & Flails
  1285 | D:2      | Reached XP level 4. HP: 25/28 MP: 4/4
  1341 | D:2      | Found a shattered altar of Ashenzari.
  1742 | D:2      | Noticed Natasha
  1750 | D:2      | Killed Natasha
  1785 | D:2      | Noticed Natasha
  1790 | D:2      | Killed Natasha
  1790 | D:2      | Reached skill level 5 in Maces & Flails
  1790 | D:2      | Reached XP level 5. HP: 25/32 MP: 5/5
  2057 | D:3      | Found a runed translucent gate.
  2058 | D:3      | Found a runed translucent gate.
  2059 | D:3      | Found a runed translucent gate.
  2065 | D:3      | Noticed a centaur
  2066 | D:3      | Noticed Ebobla's ghost (amateur DsBe)
  2528 | D:3      | Found an opulent altar of Gozag.
  2573 | D:3      | Found a shimmering altar of Xom.
  2996 | D:3      | Reached skill level 6 in Maces & Flails
  2996 | D:3      | Reached XP level 6. HP: 32/37 MP: 6/6
  3172 | D:4      | Found a sparkling altar of Nemelex Xobeh.
  3611 | D:4      | Reached skill level 7 in Maces & Flails
  4268 | D:5      | Entered Level 5 of the Dungeon
  4291 | D:5      | Reached XP level 7. HP: 37/41 MP: 7/7
  4524 | D:5      | Reached skill level 8 in Maces & Flails
  5219 | D:5      | Found a shadowy altar of Dithmenos.
  5324 | D:5      | Reached skill level 9 in Maces & Flails
  5334 | D:5      | Reached XP level 8. HP: 40/46 MP: 8/8
  5565 | D:5      | Found a shimmering blue altar of Sif Muna.
  6851 | D:7      | Noticed a hornet
  6876 | D:7      | Killed a hornet
  6876 | D:7      | Reached skill level 10 in Maces & Flails
  7179 | D:7      | Reached skill level 11 in Maces & Flails
  7224 | D:7      | Found a staircase to the Ecumenical Temple.
  7247 | Temple   | Entered the Ecumenical Temple
  7467 | Temple   | Became a worshipper of Warmaster Okawaru
  7717 | D:7      | Found a sacrificial altar of Ru.
  7971 | D:8      | Found a white marble altar of Elyvilon.
  8020 | D:8      | Noticed Pikel
  8050 | D:8      | Killed Pikel
  8050 | D:8      | Reached XP level 9. HP: 51/51 MP: 7/9
  8080 | D:8      | Noticed Joseph
  8124 | D:8      | Killed Joseph
  8124 | D:8      | Reached * piety under Okawaru
  8124 | D:8      | Reached skill level 12 in Maces & Flails
  8479 | D:8      | Noticed Erica
  8553 | D:8      | Killed from afar by Erica

Illustrated notes

Levels and vault maps discovered:
D:1:      nicolae_arrival_washed_ashore, layout_basic, minmay_misc_feat_tiny,
          chequers_serial_rivers_micro_b
D:2:      layout_loops_cross, grunt_ministairs_1, ashenzari_altar_1,
          uniq_natasha
D:3:      layout_basic, xom_teletrap_fun, grunt_gozag_statues,
          gammafunk_ghost_split, first_ration, st_stairs_14, wad_orctagon
D:4:      layout_loops_ring, lemuel_round_altar
D:5:      layout_basic, lemuel_coloured_pillars_altar, basic_altar, minivault_19
D:6:      layout_basic
D:7:      layout_gridville, temple_statues, basic_altar, minmay_hedge_maze
D:8:      layout_loops_ring, elyvilon_altar_4, uniq_pikel, uniq_erica,
          uniq_joseph
Temple:   regret_index_temple_generic_petals

Skill      XL: |  1  2  3  4  5  6  7  8  9 |
---------------+----------------------------+-----
Maces & Flails | 3 4 5 6 7 9 11 12 | 12.0
Shields        | 4 |  4.5
Fighting       | |  3.2
Armour         | |  3.2

Action                   |  1- 3 |  4- 6 |  7- 9 || total
-------------------------+-------+-------+-------++-------
Melee: Flail             |   117 |   260 |    57 ||   434
       Whip              |       |       |   367 ||   367
Throw: Javelin           |       |       |     5 ||     5
  Use: Potion            |       |       |     3 ||     3
 Stab: Distracted        |       |       |     1 ||     1
  Eat: Chunk             |     1 |    10 |     8 ||    19
       Ration            |       |       |     4 ||     4
Armor: Scale mail        |    86 |   152 |   146 ||   384
Dodge: Dodged            |    54 |    69 |    78 ||   201
Block: Kite shield       |    77 |   131 |   114 ||   322
